 Dungeon Crawl Stone Soup version 0.20.1-1-g8b1a95d (webtiles) character file.

49 Lorindel the Gusty (level 3, -2/28 HPs)
             Began as a Demigod Air Elementalist on July 19, 2017.
             Slain by a gnoll
             ... wielding a +0 whip
              (6 damage)
             ... on level 2 of the Dungeon.
             The game lasted 00:13:42 (1350 turns).

Lorindel the Gusty (Demigod Air Elementalist)       Turns: 1350, Time: 00:13:44

Health: -2/28      AC:  2    Str: 13    XL:     3   Next: 33%
Magic:  5/8        EV: 13    Int: 19    God:
Gold:   101        SH:  0    Dex: 16    Spells: 3/6 levels left

rFire    . . .     SeeInvis .   g - -1 club (curse)
rCold    . . .     Gourm    .   (no shield)
rNeg     . . .     Faith    .   a - +0 robe
rPois    .         Spirit   .   (no helmet)
rElec    .         Reflect  .   (no cloak)
rCorr    +         Harm     .   (no gloves)
MR       .....                  (no boots)
Stlth    ++........             (no amulet)
Regen    0.1/turn               e - ring of resist corrosion
MPRegen  0.2/turn               (no ring)

@: no status effects
A: high mp 1
a: no special abilities


You were on level 2 of the Dungeon.
You were not hungry.

You visited 1 branch of the dungeon, and saw 2 of its levels.

You collected 101 gold pieces.

Inventory:

Hand Weapons
 d - a +0 dagger
 g - a cursed -1 club (weapon)
 j - a +0 trident
 k - a +0 club
 n - a +0 whip
 p - a +0 mace
Armour
 a - a +0 robe (worn)
 h - a +1 scale mail
 l - a +0 plate armour
Jewellery
 e - a ring of resist corrosion (left hand)
Potions
 f - 3 potions of curing {unknown}
 i - a potion of lignification {unknown}
 m - a potion of heal wounds {unknown}
Books
 b - a book of Air

   Spells                             Type                      Level
   a - Shock                          Conjuration/Air              1
   b - Swiftness                      Charms/Air                   2
   c - Static Discharge               Conjuration/Air              3
   d - Airstrike                      Air                          4
   e - Lightning Bolt                 Conjuration/Air              5
Comestibles
 c - 2 bread rations
 o - a royal jelly


   Skills:
 + Level 1.0 Fighting
 + Level 0.5 Armour
 + Level 2.2 Dodging
 - Level 1.7 Stealth
 + Level 2.2 Spellcasting
 + Level 1.3 Conjurations
 + Level 0.0 Charms
 + Level 3.0 Air Magic


You had 3 spell levels left.
You knew the following spells:

 Your Spells              Type           Power        Failure   Level  Hunger
a - Shock                 Conj/Air       ##..         7%          1    #......
b - Swiftness             Chrm/Air       #.......     14%         2    ##.....


Dungeon Overview and Level Annotations

Branches:
Dungeon (2/15)


Innate Abilities, Weirdness & Mutations

You have an increased reservoir of magic. (+10% MP)


Message History

The zap hits the gnoll.
The gnoll is severely wounded.
Casting: Shock
Confirm with . or Enter, or press ? or * to list all spells.
Aiming: Shock
Press: ? - help, Shift-Dir - straight line, f/p - gnoll
Aim: a gnoll, wielding a whip (severely wounded)
The zap hits the gnoll.
The gnoll is severely wounded.
The gnoll hits you with a whip.
* * * LOW HITPOINT WARNING * * *
Casting: Shock
Confirm with . or Enter, or press ? or * to list all spells.
Aiming: Shock
Press: ? - help, Shift-Dir - straight line, f/p - gnoll
Aim: a gnoll, wielding a whip (severely wounded)
The zap hits the gnoll.
The gnoll appears unharmed.
The gnoll is severely wounded.
The gnoll hits you with a whip.
You die...

#≈._.≈#...#
#≈...≈#...#
#.≈≈≈.#...#
#.....#.###
.#...#..##
#.#....#############
#.(......g...>.....
......##.#####.######
###### #.)@g.....#
##........#
#........# #........#
##.###.####
#......... ##.##.###
#..#.### ###.....)#


You could see a gnoll.

Vanquished Creatures
  2 gnolls (D:2)
  A leopard gecko (D:2)
  2 bats
  3 goblins
  5 hobgoblins
  2 jackals (D:2)
  A ball python (D:2)
  5 frilled lizards
  4 kobolds (D:1)
  4 rats (D:1)
29 creatures vanquished.

Notes
Turn   | Place    | Note
-------+----------+-------------------------------------------
     0 | D:1      | Lorindel the Demigod Air Elementalist began the quest for the Orb.
     0 | D:1      | Reached XP level 1. HP: 14/14 MP: 5/5
    12 | D:1      | Reached skill level 1 in Conjurations
   212 | D:1      | Reached XP level 2. HP: 8/22 MP: 2/7
   234 | D:1      | Learned a level 2 spell: Swiftness
   699 | D:2      | Found a deep blue altar of Sif Muna.
  1240 | D:2      | Found a sacrificial altar of Ru.
  1262 | D:2      | Reached XP level 3. HP: 17/27 MP: 1/8
  1262 | D:2      | Reached skill level 1 in Fighting
  1262 | D:2      | Reached skill level 3 in Air Magic
  1350 | D:2      | Slain by a gnoll

Skill      XL: |  1  2  3 |
---------------+----------+-----
Conjurations   | 1 |  1.3
Spellcasting   | 2 |  2.2
Dodging        | 2 |  2.2
Fighting       | 1 |  1.0
Air Magic      | 3 |  3.0
Armour         | |  0.5
Stealth        | |  1.7

Action                   || total
-------------------------++-------
Melee: Unarmed           ||     6
       Club              ||    62
 Cast: Shock             ||    38
  Use: Scroll            ||     3
  Eat: Chunk             ||     2
Armor: Robe              ||    13
Dodge: Dodged            ||    71
